 Dungeon Crawl Stone Soup version 0.28.0 (webtiles) character file.

Game seed: 11505676573339950859

142 Hasart the Insei (level 5, -3/34 HPs)
             Began as an Octopode Transmuter on Feb 15, 2022.
             Killed from afar by an orc wizard (9 damage)
             ... with a magic dart
             ... on level 3 of the Dungeon.
             The game lasted 00:05:13 (3063 turns).

Hasart the Insei (Octopode Transmuter)              Turns: 3063, Time: 00:05:14

Health: -3/34      AC:  2    Str: 10    XL:     5   Next: 24%
Magic:  6/8        EV: 20    Int: 17    God:
Gold:   48         SH:  0    Dex: 17    Spells: 3/9 levels left

rFire   . . .      SeeInvis .     - Unarmed
rCold   . . .      Faith    .   (shield currently unavailable)
rNeg    . . .      Spirit   .   (helmet currently unavailable)
rPois   x          Reflect  .   (no amulet)
rElec   .          Harm     .   (no ring)
rCorr   .          Rampage  .   (no ring)
Will    .....                   (no ring)
Stlth   ++........              (no ring)
HPRegen 0.11/turn               (no ring)
MPRegen 0.11/turn               (no ring)
                                (no ring)
                                (no ring)

@: spider-form (expiring)
A: venomous fangs, almost no armour, (amphibious), 8 rings, tiny, (camouflage
1), (gelatinous body 1), (nimble swimmer 1), (tentacles)
a: End Transformation


You were on level 3 of the Dungeon.
You were a venomous arachnid creature.
You visited 1 branch of the dungeon, and saw 3 of its levels.

You collected 48 gold pieces.

Inventory:

Jewellery
 b - a +4 ring of evasion
Wands
 h - a wand of iceblast (9)
Scrolls
 c - 2 scrolls of identify {unknown}
 d - a scroll of amnesia {unknown}
 f - a scroll of fog {unknown}
 i - a scroll of teleportation {unknown}
Potions
 a - a potion of cancellation {unknown}
 e - a potion of mutation {unknown}
 g - 4 potions of degeneration {unknown}
 j - a potion of invisibility {unknown}
 k - a potion of resistance {unknown}
 l - 2 potions of curing {unknown}


   Skills:
 + Level 2.1 Fighting
 + Level 2.6 Dodging
 * Level 4.0 Unarmed Combat
 + Level 2.5 Spellcasting
 + Level 2.7 Transmutations
 + Level 1.2 Poison Magic


You had 3 spell levels left.
You knew the following spells:

 Your Spells              Type           Power      Damage    Failure   Level
a - Beastly Appendage     Tmut           22%        N/A       17%         1
b - Wereblood             Tmut           11%        N/A       22%         2
c - Spider Form           Tmut/Pois      8%         N/A       45%         3

Your spell library contained the following spells:

 Spells                   Type           Power      Damage    Failure   Level
 Animate Skeleton         Necr           4%         N/A       38%         1
 Pain                     Necr           8%         1d4       38%         1
 Vampiric Draining        Necr           2%         2d6       71%         3
 Ice Form                 Ice/Tmut       6%         N/A       87%         4


Dungeon Overview and Level Annotations

Branches:
Dungeon (3/15)

Altars:


Innate Abilities, Weirdness & Mutations

You are a venomous arachnid creature.
You have poisonous fangs.
You are tiny and dextrous.
Your spellcasting is less reliable in this form.
Your armour is entirely melded.
You are incapable of wielding weapons or throwing items.
You cannot wear most types of armour.
((You are amphibious.))
You can wear up to eight rings at the same time.
((Your skin changes colour to match your surroundings (Stealth+).))
((Your rubbery body absorbs attacks. (AC +1, EV +1)))
((You are camouflaged when in or above water. (Stealth+)))
((You have tentacles for arms and can constrict up to eight enemies at once.))


Message History

You climb downwards.
The orc hits you with a +4 hand axe of venom!
You are poisoned.
There is a stone staircase leading up here.
Unknown command.
You hit the orc wizard but do no damage.
You feel very sick.
You bite the orc wizard!
The orc wizard is heavily wounded.
You feel very sick.
The orc wizard hits you but does no damage.
You barely miss the orc wizard.
The orc wizard is heavily wounded.
Your transformation is almost over.
You feel sick.
The orc wizard gestures at you while chanting.
The magic dart hits you. The orc completely misses you.
You hit the orc but do no damage.
The orc is poisoned.
You feel sick. The orc wizard completely misses you. The orc misses you.
You feel sick.
You feel sick. The orc wizard casts a spell at you.
You are confused.
You feel sick.
You feel sick.
You feel sick.
You hit the orc wizard.
The orc wizard is poisoned.
The orc wizard is almost dead.
You feel sick.
You are no longer poisoned.
You feel less confused.
The orc wizard gestures wildly while chanting.
The orc wizard flickers and vanishes!
Deactivating autopickup; reactivate with Ctrl-A.
You hit the orc.
You kill the orc!
You hear some strange, mumbled words.
A magic dart appears from out of thin air!
The magic dart hits you!
You die...

.# #.##.# #.##.#
#.##.#
##############.##.#
...........>...##.#
##.##.######......#
#.##.#
#.......#####
#.##.#
#..#..s.....#
#.##.#
##.###.){.##.#
##.##.####.##
##.#....#
..........##
##..#..#
##.##.####.#
##o.##..# #.##.#
#.###.#.# ...
#.#####..#....# ###
...........####
########...#


There were no monsters in sight!

Vanquished Creatures
  An orc priest (D:3)
  An orc wizard (D:3)
  A howler monkey skeleton (D:3)
  An adder (D:3)
  2 dart slugs
  3 orcs
  5 ball pythons
  6 endoplasms
  3 giant cockroaches (D:1)
  2 goblins (D:1)
  2 hobgoblins (D:1)
  11 jackals
  A quokka (D:2)
  6 bats
  4 frilled lizards
  3 kobolds
  7 rats
59 creatures vanquished.

Notes
Turn   | Place    | Note
-------+----------+-------------------------------------------
     0 | D:1      | Hasart the Octopode Transmuter began the quest for the Orb.
     0 | D:1      | Reached XP level 1. HP: 13/13 MP: 3/3
     9 | D:1      | Found a faded altar of an unknown god.
   139 | D:1      | Reached XP level 2. HP: 7/18 MP: 3/5
   146 | D:1      | Learned a level 2 spell: Wereblood
   613 | D:1      | Reached XP level 3. HP: 21/23 MP: 2/6
  1153 | D:2      | Learned a level 3 spell: Spider Form
  2154 | D:2      | Reached XP level 4. HP: 14/28 MP: 7/7
  2532 | D:3      | Reached skill level 1 in Poison Magic
  2536 | D:3      | Reached XP level 5. HP: 20/34 MP: 5/8
  2727 | D:3      | Reached skill level 4 in Unarmed Combat
  3063 | D:3      | Killed from afar by an orc wizard

Illustrated notes

Levels and vault maps discovered:
D:1:      dpeg_arrival_rhombus, layout_rooms, basic_ecumenical_altar,
          grunt_decor_resistance, item_on_display_a
D:2:      layout_loops_ring, minmay_door_square, chequers_decorated_corner,
          hangedman_decor_clover_reticule
D:3:      layout_loops_ring, lemuel_doored_altar, mainiacjoe_overflow_brackets

Skill      XL: |  1  2  3  4  5 |
---------------+----------------+-----
Fighting       | 2 |  2.1
Poison Magic   | 1 |  1.2
Unarmed Combat | 4 |  4.0
Dodging        | |  2.6
Spellcasting   | |  2.5
Transmutations | |  2.7

Action                   |  1- 3 |  4- 6 || total
-------------------------+-------+-------++-------
Melee: Unarmed           |   115 |    42 ||   157
       Constrict         |    23 |     6 ||    29
       Tentacles         |    22 |     7 ||    29
       Kick              |    12 |       ||    12
       Punch             |     2 |       ||     2
 Cast: Beastly Appendage |     3 |       ||     3
       Wereblood         |     2 |       ||     2
       Spider Form       |       |     2 ||     2
 Stab: Sleeping          |     8 |     1 ||     9
Armor: Skin              |    11 |     2 ||    13
Dodge: Dodged            |    95 |    22 ||   117
